 Dungeon Crawl Stone Soup version 0.28.0-53-g5a82cb258f (webtiles) character file.

Game seed: 13182011439769189389

149 PentaManta the Changer (level 5, -3/37 HPs)
             Began as a Merfolk Transmuter on June 6, 2022.
             Killed from afar by Blork the orc (10 damage)
             ... with a magic dart
             ... on level 4 of the Dungeon.
             The game lasted 00:06:12 (4383 turns).

PentaManta the Changer (Merfolk Transmuter)         Turns: 4383, Time: 00:06:13

Health: -3/37      AC:  2    Str: 10    XL:     5   Next: 31%
Magic:  8/8        EV: 13    Int: 15    God:
Gold:   121        SH:  0    Dex: 14    Spells: 2/8 levels left

rFire   . . .      SeeInvis .     - Unarmed
rCold   . . .      Faith    .   (no shield)
rNeg    . . .      Spirit   .   a - +0 robe
rPois   .          Reflect  .   (no helmet)
rElec   .          Harm     .   (no cloak)
rCorr   .          Rampage  .   (no gloves)
Will    .....                   (no boots)
Stlth   +.........              (no amulet)
HPRegen 0.12/turn               d - ring of wizardry
MPRegen 0.11/turn               (no ring)

@: no status effects
A: (nimble swimmer 2), mertail
a: no special abilities


You were on level 4 of the Dungeon.
You visited 1 branch of the dungeon, and saw 4 of its levels.

You collected 121 gold pieces.

Inventory:

Armour
 a - a +0 robe (worn)
Jewellery
 d - a ring of wizardry (left hand)
 j - an amulet of guardian spirit
 l - a ring of wizardry
Wands
 i - a wand of acid (7)
Scrolls
 c - 3 scrolls of identify {unknown}
 e - a scroll of fear {unknown}
 f - a scroll of enchant armour {unknown}
 g - a scroll of blinking {unknown}
 k - a scroll of enchant weapon {unknown}
Potions
 b - a potion of heal wounds {unknown}
 h - a potion of attraction {unknown}


   Skills:
 - Level 1.1 Fighting
 + Level 3.7 Dodging
 * Level 4.6 Unarmed Combat
 - Level 2.0 Spellcasting
 - Level 5.2 Transmutations


You had 2 spell levels left.
You knew the following spells:

 Your Spells              Type           Power      Damage    Failure   Level
a - Beastly Appendage     Tmut           34%        N/A       1%          1
b - Spider Form           Tmut/Pois      9%         N/A       9%          3
c - Wereblood             Tmut           17%        N/A       1%          2

Your spell library contained the following spells:

 Spells                   Type           Power      Damage    Failure   Level
 Magic Dart               Conj           4%         1d3       9%          1
 Dazzling Flash           Conj/Hex       2%         N/A       26%         3
 Ice Form                 Ice/Tmut       9%         N/A       28%         4
 Flame Wave               Conj/Fire      1%         2d4       61%         4
 Lightning Bolt           Conj/Air       0%         1d11      91%         5


Dungeon Overview and Level Annotations

Branches:
Dungeon (4/15)
 Temple: D:4-7

Altars:
Gozag
Qazlal
Trog
Vehumet

Annotations:
D:4 Blork the orc


Innate Abilities, Weirdness & Mutations

((You are very nimble when in or above water. (Stealth+, EV+, Speed+++)))
Your lower body shifts to a powerful aquatic tail in water.


Message History

The kobold is moderately wounded.
The kobold completely misses you.
You hit the kobold.
You kill the kobold!
No target in view!
No target in view!
Your transformation is almost over.
Blork the orc comes into view.
He is wielding a +0 war axe.
Blork the orc is nearby!
Blork the orc is nearby!
Things that are here:
a +0 club; a kobold corpse Blork the orc closely misses you.
You hit Blork the orc.
Blork the orc is poisoned.
Blork the orc is lightly wounded.
Blork the orc points at you and mumbles some strange words.
The magic dart hits you!
You hit Blork the orc but do no damage.
Blork the orc looks as sick as possible!
Blork the orc is lightly wounded.
Blork the orc hits you with a +0 war axe!
You hit Blork the orc.
Blork the orc looks as sick as possible!
Blork the orc is moderately wounded.
Blork the orc hits you with a +0 war axe!
* * * LOW HITPOINT WARNING * * *
You are too injured to fight recklessly!
You are too injured to fight recklessly!
Your transformation has ended.
Your +0 robe unmelds from your body.
Blork the orc casts a cantrip, but nothing happens.
Things that are here:
a +0 club; a kobold corpse Blork the orc casts a spell.
Blork the orc seems to speed up.
Blork the orc casts a spell at you. The puff of frost misses you.
Blork the orc casts a spell at you. The magic dart hits you!
You die...

#.#.......# #+#
#.........#
#####.##### #)##.##
######o#...#### ###
...............+ +..
##.........[#### ###
#..###.##..# ### #.
#..##@# ##..
#..####.##.# #.##
...........# #+# #.#
#######.####
#####.####.##
#.#######.......###..
#......##.###.#.# ##.
######.##.##....# #.
#..........####.
####.##.........


You could see Blork the orc (fast, very poisoned).

Vanquished Creatures
  An ogre (D:4)
  A hound skeleton (D:4)
  3 dart slugs
  3 ball pythons
  2 endoplasms
  A giant cockroach (D:1)
  4 goblins
  6 hobgoblins
  3 jackals (D:2)
  3 quokkas
  4 bats
  A frilled lizard (D:3)
  7 kobolds
  5 rats
44 creatures vanquished.

Notes
Turn   | Place    | Note
-------+----------+-------------------------------------------
     0 | D:1      | PentaManta the Merfolk Transmuter began the quest for the
                  | Orb.
     0 | D:1      | Reached XP level 1. HP: 15/15 MP: 3/3
    68 | D:1      | Reached skill level 3 in Transmutations
   672 | D:1      | Reached XP level 2. HP: 21/21 MP: 3/5
   824 | D:1      | Found a faded altar of an unknown god.
  1029 | D:1      | Reached skill level 4 in Transmutations
  1804 | D:1      | Reached XP level 3. HP: 12/26 MP: 4/6
  2277 | D:2      | Learned a level 3 spell: Spider Form
  2681 | D:2      | Found a radiant altar of Vehumet.
  2684 | D:2      | Reached skill level 5 in Transmutations
  3034 | D:2      | Got the Incunabulum of Blistering Attacks
  3243 | D:3      | Found a bloodstained altar of Trog.
  3478 | D:3      | Found a stormy altar of Qazlal.
  3741 | D:3      | Learned a level 2 spell: Wereblood
  3960 | D:3      | Found a faded altar of an unknown god.
  3964 | D:3      | Found an opulent altar of Gozag.
  4141 | D:4      | Noticed an ogre
  4149 | D:4      | Killed an ogre
  4150 | D:4      | Reached XP level 4. HP: 32/32 MP: 3/7
  4150 | D:4      | Reached XP level 5. HP: 37/37 MP: 3/8
  4368 | D:4      | Noticed Blork the orc
  4383 | D:4      | Killed from afar by Blork the orc

Illustrated notes

Levels and vault maps discovered:
D:1:      evilmike_arrival_rings, layout_basic, ebering_ecumenical_altar_ruins
D:2:      layout_basic, basic_altar, serial_curves, eino_curves_02,
          eino_curves_01, roderic_roman_lattice
D:3:      layout_basic, nicolae_overflow_crystal_walls, grunt_qazlal_clouds,
          nicolae_overflow_ecumenical_swirl
D:4:      layout_loops_corners, mainiacjoe_overflow_24_doors, kennysheep_mini,
          tso_altar, uniq_blork_the_orc, uniq_pikel

Skill      XL: |  1  2  3 |
---------------+----------+-----
Transmutations | 3 4 5 |  5.2
Dodging        | 3 |  3.7
Unarmed Combat | 4 |  4.6
Fighting       | |  1.1
Spellcasting   | |  2.0

Action                   |  1- 3 |  4- 6 || total
-------------------------+-------+-------++-------
Melee: Unarmed           |   135 |    16 ||   151
       Headbutt          |    17 |       ||    17
       Punch             |     3 |       ||     3
 Cast: Beastly Appendage |    35 |       ||    35
       Spider Form       |     3 |     3 ||     6
Armor: Robe              |    19 |       ||    19
Dodge: Dodged            |    91 |    19 ||   110
